 Dungeon Crawl Stone Soup version 0.20.0-1-g1cb1d84 (webtiles) character file.

50 FakerFangirl the Cudgeler (level 3, 0/31 HPs)
             Began as a Draconian Fighter on May 26, 2017.
             Slain by a gnoll
             ... wielding a +0 spear
              (10 damage)
             ... on level 2 of the Dungeon.
             The game lasted 00:01:21 (1409 turns).

FakerFangirl the Cudgeler (Draconian Fighter)       Turns: 1409, Time: 00:01:22

Health: 0/31       AC:  5    Str: 18    XL:     3   Next: 55%
Magic:  3/3        EV: 10    Int:  8    God:
Gold:   73         SH:  9    Dex: 11    Spells: 2/2 levels left

rFire    . . .     SeeInvis .   Y - +0 flail
rCold    . . .     Gourm    .   b - +0 shield
rNeg     . . .     Faith    .   (armour unavailable)
rPois    .         Spirit   .   (helmet restricted)
rElec    .         Reflect  .   (no cloak)
rCorr    .         Harm     .   (no gloves)
MR       .....                  (no boots)
Stlth    +.........             (no amulet)
Regen    0.1/turn               (no ring)
MPRegen  0.1/turn               (no ring)

@: no status effects
A: unfitting armour, cold-blooded, AC +5
a: no special abilities


You were on level 2 of the Dungeon.
You were not hungry.

You visited 1 branch of the dungeon, and saw 2 of its levels.

You collected 73 gold pieces.


Innate Abilities, Weirdness & Mutations

Your plain brown scales are hard. (AC +5)
You cannot fit into any form of body armour.
You are cold-blooded and may be slowed by cold attacks.


   Skills:
 - Level 3.2 Fighting
 + Level 4.0 Maces & Flails
 - Level 2.6 Dodging
 - Level 3.0 Shields


You had 2 spell levels left.
You didn't know any spells.

Inventory:

Hand Weapons
 Y - a +0 flail (weapon)
Armour
 b - a +0 shield (worn)
Jewellery
 f - an uncursed ring of stealth {unknown}
 g - an uncursed ring of protection from fire {unknown}
 k - an uncursed ring of protection from fire {unknown}
 p - an uncursed amulet of magic regeneration {unknown}
Scrolls
 l - a scroll of remove curse
Potions
 c - a potion of might
 e - a potion of cancellation {unknown}
 h - a potion of magic {unknown}
 i - a potion of curing {unknown}
 j - 2 potions of mutation {unknown}
 m - a potion of ambrosia {unknown}
Comestibles
 a - 3 chunks of flesh
 d - 2 bread rations
 n - a royal jelly

Dungeon Overview and Level Annotations

Branches:
Dungeon (2/15)

Altars:


Message History

The gnoll is severely wounded.
The gnoll hits you but does no damage. The gnoll barely misses you.
The gnoll hits you with a spear.
The gnoll hits you from afar with a spear.
A gnoll comes into view. It is wielding a flail.
You barely miss the gnoll.
The gnoll is severely wounded.
The gnoll hits you with a spear. You block the gnoll's attack.
You closely miss the gnoll. You tail-slap the gnoll.
The gnoll is severely wounded.
You block the gnoll's attack. The gnoll barely misses you.
Your shield prevents you from hitting the gnoll.
The gnoll is severely wounded.
The gnoll hits you with a spear!
The gnoll hits you from afar with a spear.
The gnoll hits you but does no damage. You block the gnoll's attack.
1408 ||| Stepping ~*~*~tactically~*~*~ (outnumbered).
You block the gnoll's attack.
The gnoll hits you from afar with a spear!
You die...

#.# ##..#######. #.#
#..........
#.#######.#######.
#.#............##.
#.#.......####.##.
#....#'#..####.#..
###...##.##.........
#.....#...#......#..
#.#@.#######.###.##.
#.#gg# #.###.##.
#........g.+ #..##.##.
#.#####.#.#########....##.
....# ..S...#%##.##.
#..#.# ......%.##.##.
#..#.# ......#.##.##.
#..#.# #######.##.##. #..#
..##.##.


You could see 3 gnolls.

Vanquished Creatures
  2 adders (D:2)
  A worm (D:2)
  2 leopard geckos (D:1)
  2 giant cockroaches
  3 goblins
  5 hobgoblins
  3 jackals (D:1)
  2 kobolds
  A ball python (D:1)
  2 bats
  A frilled lizard (D:2)
  A rat (D:1)
25 creatures vanquished.

Notes
Turn   | Place    | Note
-------+----------+-------------------------------------------
     0 | D:1      | FakerFangirl the Draconian Fighter began the quest for the Orb.
     0 | D:1      | Reached XP level 1. HP: 19/19 MP: 1/1
     0 | D:1      | 0 ||| counter = 85
   260 | D:1      | Reached XP level 2. HP: 21/26 MP: 2/2
   438 | D:1      | Reached skill level 3 in Maces & Flails
   930 | D:1      | 930 ||| UPGRADING to shiny buckler.
   940 | D:1      | 940 ||| UPGRADING to +0 shield.
   950 | D:1      | 950 ||| DROPPING +2 buckler.
   951 | D:1      | 951 ||| READING scroll labeled BOUMEI GOITUOG.
   952 | D:1      | 952 ||| READING 2 scrolls labeled AVESYMON HECSUAR.
   953 | D:1      | 953 ||| READING scroll labeled XUWUAV YREO.
  1132 | D:2      | Reached XP level 3. HP: 20/31 MP: 3/3
  1133 | D:2      | 1133 ||| Stepping ~*~*~tactically~*~*~ (outnumbered).
  1373 | D:2      | Reached skill level 4 in Maces & Flails
  1408 | D:2      | 1408 ||| Stepping ~*~*~tactically~*~*~ (outnumbered).
  1409 | D:2      | Slain by a gnoll

Vault maps used:
D:1:      matt_arrival_los_fun, minmay_misc_feat_encased
D:2:      minmay_divided_ellipse

Skill      XL: |  1  2  3 |
---------------+----------+-----
Maces & Flails | 3 4 |  4.0
Fighting       | |  3.2
Dodging        | |  2.6
Shields        | |  3.0

Action                   || total
-------------------------++-------
Melee: Flail             ||    93
       Tailslap          ||     9
  Use: Scroll            ||     3
  Eat: Chunk             ||     2
Armor: Skin              ||    23
Dodge: Dodged            ||    31
Block: Shield            ||    51
